AoeStats
← eivind_gw

Enclosed

506699334Analyzed
1v1 RM · 18d ago on Sep 14, 2026· 46m 18s· 2 players
Game mode
Random Map
Map size
Tiny (2 player)
Population
200
Speed
Normal
Resources
Standard
Victory
Conquest
Starting age
Dark Age
Ending age
Imperial Age
RankedLock teamsTeams togetherTeam positionsShared explorationLock speedFull tech treeHidden civsTurbo modeCheats
Victory
Defeat
🇫🇷 Celts · France
1310
+24
🇳🇴 Ethiopians · Norway
1258
-14
Le Jaguar Joufflu
8:59 Feudal Age
9:01 Man-at-Arms
11:10 Loom
11:38 Scale Mail Armor
13:00 Double-Bit Axe
16:01 Fletching
17:38 Padded Archer Armor
20:43 Wheelbarrow
23:59 Castle Age
25:25 Bow Saw
25:21 Scale Barding Armor
25:27 Forging
25:22 Bodkin Arrow
25:43 Leather Archer Armor
26:13 Gold Mining
29:03 Gold Shaft Mining
27:51 Elite Skirmisher
35:29 Imperial Age
34:13 Pikeman
35:53 Stone Mining
36:08 Onager
38:54 Heavy Scorpion
42:35 Chain Mail Armor
43:22 Conscription
44:12 Elite Woad Raider
45:30 Ballistics
46:10 Chemistry
44:51 Treadmill Crane
46:19 Siege Engineers
eivind_gw
6:03 Loom
8:52 Feudal Age
8:55 Man-at-Arms
9:20 Double-Bit Axe
12:08 Town Watch
16:31 Fletching
20:44 Castle Age
19:03 Horse Collar
19:13 Gold Mining
21:23 Bodkin Arrow
20:49 Crossbowman
21:41 Bow Saw
27:21 Thumb Ring
27:57 Wheelbarrow
28:13 Masonry
28:53 Ballistics
28:47 Padded Archer Armor
28:58 Forging
34:55 Stone Mining
37:20 Scale Mail Armor
37:55 Iron Casting
41:25 Imperial Age
42:10 Masonry
43:24 Chemistry
41:48 Onager
42:47 Bracer
44:01 Conscription
44:35 Chain Mail Armor
44:55 Iron Casting
Connection lost

Rejoining the realm…

Still unreachable

The connection could not be restored.

Session expired

The server has moved on; the page needs a fresh start.